Map: Blackburn LE

Players

AGOElazer (Elazer)

  • Race: Zerg Zerg
  • League: Grandmaster

Reynor - Winner!

  • Race: Zerg Zerg
  • League: Master

Event: DreamHack SC2 Masters 2021 Summer

VOD

Have the link to the VOD?

Description

Time

  • Played on: June 1, 2021, 9:43 a.m.
  • Length: 4:27

All games in this series

Show
View Real Time Build Order
Export as new Build Order

AGOElazer Zerg 

Build Orders: Pool Only 

Get SALT Encoding   

  12  0:18  Spawning Pool  
  11  0:21  Drone  
  11  0:26  Drone  
  13  0:30  Drone  
  14  0:40  Overlord  
  14  1:05  Zergling x6  
  17  1:16  Zergling x2  
  18  1:27  Zergling x2  
  19  1:37  Zergling x2  
  20  1:49  Zergling x2  
  21  1:58  Spine Crawler  
  21  1:59  Spine Crawler  
  19  2:07  Spine Crawler  
  17  2:28  Zergling x2  
  13  2:40  Zergling x2  
  12  2:56  Zergling x2  
  12  3:11  Zergling x2  
  13  3:25  Zergling x2  
  14  3:46  Zergling x2  
Show
View Real Time Build Order
Export as new Build Order

Reynor Zerg - Winner!

Build Orders: Hatch First 

Get SALT Encoding   

  12  0:00  Drone  
  13  0:12  Overlord  
  13  0:17  Drone  
  14  0:30  Drone x2  
  16  0:47  Hatchery  
  15  0:51  Drone  
  15  0:54  Drone  
  17  0:57  Drone  
  18  1:08  Extractor  
  17  1:13  Spawning Pool  
  17  1:16  Drone  
  17  1:20  Drone  
  18  1:27  Drone  
  19  1:38  Drone  
  20  2:01  Queen, Zergling x6  
  23  2:04  Spine Crawler  
  24  2:10  Zergling x2  
  25  2:19  Extractor  
  25  2:22  Spine Crawler  
  15  2:59  Zergling x2  
  15  3:03  Zergling x2  
  16  3:08  Zergling x2  
  18  3:12  Zergling x2  
  18  3:17  Zergling x2  
  19  3:23  Zergling x2  
  19  3:25  Zergling x2  
  21  3:30  Zergling x2  
  22  3:34  Zergling x2  
  23  3:47  Zergling x2  
  15  3:55  Zergling x2  
  15  4:02  Zergling x2  
  15  4:09  Zergling x2  
Tags
 
Add a new tag
Caveats
  • Supply blocks, unpowered buildings, or Contaminate may cause inaccurate times.
  • Supply counts are checked every 10 seconds.